 Dungeon Crawl Stone Soup version 0.17.1-3-g152610e (webtiles) character file.

355 Gargoyl the Covered (level 6, 0/48 HPs)
             Began as a Demonspawn Abyssal Knight on Mar 30, 2016.
             Was a Priest of Lugonu.
             Slain by Duvessa
             ... wielding a +0 short sword
              (4 damage)
             ... on level 4 of the Dungeon.
             The game lasted 00:11:49 (6100 turns).

Gargoyl the Covered (Demonspawn Abyssal Knight)     Turns: 6100, Time: 00:11:49

Health: 0/48       AC: 10    Str: 15    XL:     6   Next: 36%
Magic:  0/8        EV:  8    Int: 13    God:    Lugonu [***...]
Gold:   198        SH:  0    Dex: 12    Spells: 0 memorised, 5 levels left

rFire  . . .     SeeInvis .     b - -3 morningstar (curse)
rCold  + . .     Clarity  .     n - +0 chain mail
rNeg   . . .     SustAt   .     (no shield)
rPois  +         Gourm    .     (no helmet)
rElec  .         Spirit   .     (no cloak)
rCorr  .         Warding  .     (no gloves)
rMut   .         Stasis   .     (no boots)
MR     .....                    (no amulet)
Stlth  ..........               q - +1 ring of evasion
                                f - ring of poison resistance

@: not resistant to hostile enchantments, extremely unstealthy
A: molten scales 1, cold resistance 1, demonic guardian 1, powered by pain 2,
slow regeneration 1, spit poison 1
a: Spit Poison, Depart the Abyss, Bend Space, Banish, Renounce Religion


You were on level 4 of the Dungeon.
You worshipped Lugonu.
Lugonu was most pleased with you.
You were not hungry.

You visited 1 branch of the dungeon, and saw 4 of its levels.
You visited the Abyss 1 time.

You collected 198 gold pieces.

Inventory:

Hand Weapons
 a - a +1 hand axe
 b - a cursed -3 morningstar (weapon)
Missiles
 p - 3 tomahawks (quivered)
Armour
 n - a +0 chain mail (worn)
Jewellery
 f - a ring of poison resistance (left hand)
 h - a cursed -4 ring of intelligence {unknown}
 q - a +1 ring of evasion (right hand)
Scrolls
 d - 3 scrolls of teleportation
 j - 6 scrolls of identify
 l - a scroll of recharging
 u - a scroll of remove curse {unknown}
Potions
 e - 4 potions of flight
 g - 3 potions of curing
 i - 2 potions of magic {unknown}
 s - a potion of heal wounds {unknown}
Comestibles
 c - 4 bread rations
 k - 2 meat rations
 m - 5 beef jerkies
 o - a slice of pizza
 r - 3 fruits
 t - 6 chunks of flesh


   Skills:
 + Level 4.1 Fighting
 + Level 2.3(2.6) Axes
 + Level 1.6(2.3) Maces & Flails
 * Level 4.2 Armour
 + Level 2.2 Dodging
 + Level 0.2 Stealth
 + Level 2.8 Invocations


You had 5 spell levels left.
You didn't know any spells.

Dungeon Overview and Level Annotations

Branches:
Dungeon (4/15)
 Temple: D:4-7

Altars:
Cheibriados

Annotations:
D:3 Crazy Yiuf
D:4 Duvessa


Innate Abilities, Weirdness & Mutations

You are partially covered in molten scales (AC +1).
A weak demonic guardian rushes to your aid.
You sometimes gain power by taking damage.
Your flesh is cold resistant.
You regenerate slowly when monsters are visible.
You can spit weak poison.


Message History

Duvessa resists with some effort.
You feel somewhat more hungry.
You can no longer corrupt the fabric of space.
Duvessa hits you with a short sword!
* * * LOW HITPOINT WARNING * * *
Your iron imp hits Duvessa!
Duvessa barely misses your iron imp.
Your iron imp hits Duvessa.
Duvessa hits your iron imp but does no damage.
Your iron imp hits Duvessa.
Your iron imp hits Duvessa!
Duvessa barely misses your iron imp.
Your iron imp disappears in a puff of smoke!
Duvessa hits your iron imp with a short sword.
Your iron imp barely misses Duvessa.
Duvessa hits your iron imp with a short sword!
Your iron imp barely misses Duvessa.
Duvessa hits your iron imp with a short sword.
Duvessa hits your iron imp but does no damage.
Your iron imp hits Duvessa but does no damage.
Your iron imp disappears in a puff of smoke!
Duvessa hits you with a short sword.
You die...

########
#...@..###########
#....e.'.........#
#......#.........#
#....ยง.###.###...#
###......#.########
#......#........#
#......#........#
#......#........#
#......#........#


You could see Duvessa (berserk).

Vanquished Creatures
  Dowan (D:4)
  A scorpion (D:4)
  2 worker ants (D:4)
  Natasha (twice) (D:3)
  5 adders
  An ooze (D:1)
  4 worms
  2 giant geckos
  16 orcs
  A ball python (D:3)
  11 bats
  7 giant cockroaches
  19 goblins
  20 hobgoblins
  6 jackals (D:1)
  4 giant newts
  A jackal skeleton (D:4)
  12 kobolds
  A quokka (D:3)
  8 rats
124 creatures vanquished.

Vanquished Creatures (collateral kills)
  Natasha (D:3)
  An adder skeleton (D:4)
  2 orcs (D:3)
  A goblin (D:3)
  A ball python (D:3)
  A kobold (D:3)
7 creatures vanquished.

Vanquished Creatures (others)
  2 orcs (D:4)
  A quokka (D:4)
  A quokka skeleton (D:4)
4 creatures vanquished.

Grand Total: 135 creatures vanquished

Notes
Turn   | Place    | Note
--------------------------------------------------------------
     0 | Abyss:1  | Gargoyl the Demonspawn Abyssal Knight began the quest for the Orb.
     0 | Abyss:1  | Reached XP level 1. HP: 18/18 MP: 2/2
    78 | Abyss:1  | Noticed a human
    92 | Abyss:1  | Noticed a golden eye
   136 | Abyss:2  | Found a shimmering altar of Xom.
   184 | Abyss:2  | Noticed a small abomination
   190 | Abyss:2  | Noticed a tentacled starspawn
   190 | Abyss:2  | Noticed a ynoxinul
   191 | D:1      | Escaped the Abyss
   606 | D:1      | Reached * piety under Lugonu
   606 | D:1      | Gained mutation: You sometimes gain a little power by taking damage. [demonic ancestry]
   606 | D:1      | Reached XP level 2. HP: 8/24 MP: 3/3
  1043 | D:1      | Reached skill level 1 in Dodging
  1318 | D:1      | Reached XP level 3. HP: 27/29 MP: 5/5
  2017 | D:2      | Gained mutation: You sometimes gain power by taking damage. [demonic ancestry]
  2017 | D:2      | Reached XP level 4. HP: 35/35 MP: 6/6
  2034 | D:2      | Reached ** piety under Lugonu
  3371 | D:3      | Found a snail-covered altar of Cheibriados.
  3613 | D:3      | Gained mutation: A weak demonic guardian rushes to your aid. [demonic ancestry]
  3613 | D:3      | Reached XP level 5. HP: 29/41 MP: 7/7
  3874 | D:3      | Noticed Natasha
  3890 | D:3      | Killed Natasha
  3891 | D:3      | Gained mutation: Your flesh is cold resistant. [potion of mutation]
  3891 | D:3      | Gained mutation: You can spit weak poison. [potion of mutation]
  3891 | D:3      | Gained mutation: You regenerate slowly when monsters are visible. [potion of mutation]
  4130 | D:3      | Reached *** piety under Lugonu
  4234 | D:3      | Noticed Natasha
  4235 | D:3      | Reached skill level 1 in Maces & Flails
  4249 | D:3      | Killed Natasha
  4345 | D:3      | Noticed Natasha
  4356 | D:3      | Killed Natasha
  4943 | D:3      | Noticed Crazy Yiuf
  4994 | D:4      | Reached skill level 4 in Fighting
  5476 | D:4      | Reached **** piety under Lugonu
  5499 | D:4      | Gained mutation: You are partially covered in molten scales (AC +1). [demonic ancestry]
  5499 | D:4      | Reached XP level 6. HP: 33/48 MP: 8/8
  5914 | D:4      | Noticed Dowan
  5915 | D:4      | Noticed Duvessa
  5946 | D:4      | Killed Dowan
  6100 | D:4      | Slain by Duvessa

Action                   |  1- 3 |  4- 6 || total
-------------------------+-------+-------++-------
Melee: Hand axe          |   164 |    13 ||   177
       Morningstar       |       |   564 ||   564
Invok: Depart the Abyss  |     1 |       ||     1
       Banish            |       |     2 ||     2
 Abil: Spit Poison       |       |     1 ||     1
  Use: Scroll            |     3 |     5 ||     8
       Potion            |       |     8 ||     8
  Eat: Chunk             |     4 |    15 ||    19
